 Dungeon Crawl Stone Soup version 0.20.1-1-g8b1a95d (webtiles) character file.

258 mike2R the Caller (level 6, 41/41 HPs)
             Began as a Merfolk Summoner on July 16, 2017.
             Quit the game on level 3 of the Dungeon on Mar 26, 2018.
             The game lasted 00:35:07 (3497 turns).

mike2R the Caller (Merfolk Summoner)                Turns: 3497, Time: 00:35:08

Health: 41/41      AC:  3    Str:  8    XL:     6   Next: 16%
Magic:  11/11      EV: 12    Int: 16    God:
Gold:   203        SH:  0    Dex: 15    Spells: 3/12 levels left

rFire    . . .     SeeInvis .   a - +0 trident
rCold    . . .     Gourm    .   (no shield)
rNeg     . . .     Faith    .   s - +0 leather armour
rPois    .         Spirit   .   (no helmet)
rElec    .         Reflect  .   (no cloak)
rCorr    .         Harm     .   (no gloves)
MR       .....                  (no boots)
Stlth    ++........             (no amulet)
Regen    0.2/turn               (no ring)
MPRegen  0.2/turn               (no ring)

@: no status effects
A: change form in water, swift swim, stealthy swim
a: no special abilities


You were on level 3 of the Dungeon.
You were hungry.

You visited 1 branch of the dungeon, and saw 3 of its levels.

You collected 203 gold pieces.

Inventory:

Hand Weapons
 a - a +0 trident (weapon)
 b - a +1 hand axe of freezing
Missiles
 h - 69 stones (quivered)
Armour
 k - a +0 ring mail
 s - a +0 leather armour (worn)
 z - a +0 robe
 E - a scarf of spirit shield
Jewellery
 o - an uncursed ring of fire
 D - an uncursed amulet of faith
Wands
 i - a wand of flame (29/48)
Scrolls
 l - a scroll of remove curse
 m - 2 scrolls of fear {unknown}
 n - a scroll of enchant armour {unknown}
 p - 3 scrolls of teleportation {unknown}
 A - 2 scrolls of fog {unknown}
Potions
 d - a potion of berserk rage
 g - a potion of cancellation
 q - a potion of lignification
 r - a potion of brilliance
 v - a potion of magic {unknown}
 x - 2 potions of mutation {unknown}
 B - a potion of haste {unknown}
 C - a potion of curing {unknown}
Books
 e - a book of Callings

   Spells                             Type                      Level
   a - Summon Small Mammal            Summoning                    1
   b - Call Imp                       Summoning                    2
   c - Call Canine Familiar           Summoning                    3
   d - Summon Guardian Golem          Hexes/Summoning              3
   e - Summon Lightning Spire         Summoning/Air                4
   f - Summon Ice Beast               Ice/Summoning                4
 y - a book of Flames

   Spells                             Type                      Level
   a - Flame Tongue                   Conjuration/Fire             1
   b - Throw Flame                    Conjuration/Fire             2
   c - Conjure Flame                  Conjuration/Fire             3
   d - Inner Flame                    Hexes/Fire                   3
   e - Sticky Flame                   Conjuration/Fire             4
   f - Fireball                       Conjuration/Fire             5
Comestibles
 c - 4 bread rations
 j - 2 meat rations
 u - 2 royal jellies


   Skills:
 - Level 2.8 Dodging
 - Level 2.1 Stealth
 + Level 3.9 Spellcasting
 * Level 6.1 Summonings


You had 3 spell levels left.
You knew the following spells:

 Your Spells              Type           Power        Failure   Level  Hunger
a - Summon Small Mammal   Summ           ###.         1%          1    None
b - Call Imp              Summ           ###.....     3%          2    ##.....
c - Call Canine Familiar  Summ           ###.....     6%          3    ###....
d - Summon Guardian Gole  Hex/Summ       ##......     22%         3    ###....


Dungeon Overview and Level Annotations

Branches:
Dungeon (3/15)

Altars:
Dithmenos
Uskayaw


Message History

Adjust to which letter? (? for menu, Esc to quit)
b - a +1 hand axe of freezing;
e - a book of Callings Drop what? 29/52 slots (_ for help) (? for menu, Esc to quit)
You drop a +0 spear.
You swap places.
Things that are here:
an uncursed blowgun; a kobold corpse Your crimson imp disappears in a puff of smoke!
Found a stone staircase leading down.
You now have 203 gold pieces (gained 19).
A hobgoblin comes into view. It is wielding a club.
Saving game... please wait.
Welcome back, mike2R the Merfolk Summoner.
Press ? for a list of commands and other information.
Welcome back, mike2R the Merfolk Summoner.
Press ? for a list of commands and other information.
Unknown command.
Quiver which item? (- for none, * to show all) (? for menu, Esc to quit)
Okay, then.
Are you sure you want to abandon this character and quit the game? (Confirm with "yes".)

#.......# #.# #.####..#...
.....#### ##.# #.# #...#...
......# #..# ##.###..##...
....#.#### #.## #..##...###..
....#....###.########.###.#.# #.#
##........................#.###.#
###..................<..#..##..#
##............................
#...........@.........#......
#.....................#......
#..................g..#......
#...............###...#......
................####.##.......
...###...........###.....####..
... #.#....#.........#### #.. ..
#>#......######..#######..
......#########.<.........


You could see a hobgoblin (wandering).

Vanquished Creatures
  An adder (D:3)
  2 giant cockroaches
  A goblin (D:1)
  2 jackals (D:2)
  A bat (D:1)
  2 frilled lizards (D:1)
  A kobold (D:3)
  7 rats
17 creatures vanquished.

Vanquished Creatures (collateral kills)
  Grinder (D:3)
  Ijyb (D:3)
  Terence (D:3)
  3 adders
  3 worms
  4 dart slugs (D:1)
  A ball python (D:1)
  A giant cockroach (D:3)
  5 goblins
  6 hobgoblins
  2 jackals (D:2)
  11 kobolds
  A quokka (D:3)
  8 bats
  2 frilled lizards
  8 rats
58 creatures vanquished.

Grand Total: 75 creatures vanquished

Notes
Turn   | Place    | Note
-------+----------+-------------------------------------------
     0 | D:1      | mike2R the Merfolk Summoner began the quest for the Orb.
     0 | D:1      | Reached XP level 1. HP: 13/13 MP: 3/3
   338 | D:1      | Reached XP level 2. HP: 17/19 MP: 0/5
   342 | D:1      | Learned a level 2 spell: Call Imp
   384 | D:1      | Found a hide-covered altar of Uskayaw.
  1259 | D:1      | Reached XP level 3. HP: 21/24 MP: 3/6
  1264 | D:1      | Learned a level 3 spell: Summon Guardian Golem
  2333 | D:2      | Reached skill level 5 in Summonings
  2334 | D:2      | Found a shadowy altar of Dithmenos.
  2591 | D:3      | Noticed Ijyb
  2691 | D:3      | Noticed Terence
  2694 | D:3      | Reached XP level 4. HP: 26/30 MP: 0/7
  2702 | D:3      | Killed Terence
  2834 | D:3      | Killed Ijyb
  3273 | D:3      | Noticed Grinder
  3306 | D:3      | Paralysed by Grinder for 6 turns
  3311 | D:3      | Killed Grinder
  3311 | D:3      | Reached skill level 6 in Summonings
  3311 | D:3      | Reached XP level 5. HP: 18/35 MP: 2/10
  3311 | D:3      | Reached XP level 6. HP: 21/41 MP: 2/11
  3386 | D:3      | Learned a level 3 spell: Call Canine Familiar
  3497 | D:3      | Quit the game

Skill      XL: |  1  2  3  4 |
---------------+-------------+-----
Summonings     | 5 6 |  6.1
Spellcasting   | 3 |  3.9
Dodging        | |  2.8
Stealth        | |  2.1

Action                   |  1- 3 |  4- 6 || total
-------------------------+-------+-------++-------
Melee: Club              |    92 |       ||    92
       Spear             |     6 |     5 ||    11
       Hand axe          |       |    29 ||    29
Throw: Stone             |     1 |       ||     1
 Cast: Summon Small Mamm |    19 |       ||    19
       Call Imp          |    40 |    14 ||    54
       Summon Guardian G |     3 |     1 ||     4
  Use: Scroll            |     5 |     2 ||     7
       Potion            |       |     2 ||     2
 Stab: Distracted        |     1 |     1 ||     2
       Sleeping          |     1 |       ||     1
  Eat: Chunk             |     9 |     3 ||    12
Armor: Robe              |    27 |       ||    27
       Leather armour    |     4 |     3 ||     7
       Skin              |       |     8 ||     8
Dodge: Dodged            |    94 |    20 ||   114
